 Dungeon Crawl Stone Soup version 0.23-a0-141-g456867d (webtiles) character file.

91 galech the Chopper (level 4, -2/35 HPs)
             Began as a Demonspawn Monk on Aug 31, 2018.
             Killed by nerve-wracking pain
             ... invoked by an orc priest
              (5 damage)
             ... on level 2 of the Dungeon.
             The game lasted 00:02:16 (1630 turns).

galech the Chopper (Demonspawn Monk)                Turns: 1630, Time: 00:02:17

Health: -2/35      AC:  3    Str: 11    XL:     4   Next: 33%
Magic:  4/4        EV: 13    Int: 11    God:
Gold:   98         SH:  0    Dex: 17    Spells: 3/3 levels left

rFire    . . .     SeeInvis .   a - +0 hand axe
rCold    . . .     Gourm    .   (no shield)
rNeg     . . .     Faith    .   g - +0 leather armour
rPois    .         Spirit   .   (no helmet)
rElec    .         Reflect  .   (no cloak)
rCorr    .         Harm     .   (no gloves)
MR       .....                  (no boots)
Stlth    ++........             (no amulet)
HPRegen  1.11/turn              (no ring)
MPRegen  0.09/turn              (no ring)

@: no status effects
A: talons 1, powered by death 1, spiny 1
a: no special abilities


You were on level 2 of the Dungeon.
You were not hungry.

You visited 1 branch of the dungeon, and saw 2 of its levels.

You collected 98 gold pieces.

Inventory:

Hand Weapons
 a - a +0 hand axe (weapon)
Armour
 g - a +0 leather armour (worn)
Scrolls
 d - 2 scrolls of identify {unknown}
 f - a scroll of enchant armour {unknown}
 h - 3 scrolls of amnesia {unknown}
 i - a scroll of fog {unknown}
 l - 2 scrolls of teleportation {unknown}
Potions
 b - a potion of lignification {unknown}
 e - a potion of might {unknown}
 k - a potion of berserk rage {unknown}
Comestibles
 c - 6 rations
 j - a chunk of flesh


   Skills:
 + Level 3.4 Fighting
 + Level 3.6 Axes
 + Level 0.3 Armour
 + Level 3.2 Dodging
 + Level 2.3 Stealth


You had 3 spell levels left.
You didn't know any spells.
Your spell library was empty.

Dungeon Overview and Level Annotations

Branches:
Dungeon (2/15)

Altars:


Innate Abilities, Weirdness & Mutations

You have sharp toenails.
You regenerate a little health from kills.
You are partially covered in sharp spines.


Message History

You hit the orc priest but do no damage.
The orc priest barely misses you.
The orc priest looks satisfied for a moment.
You closely miss the orc priest. You claw the orc priest.
The orc priest is moderately wounded.
You barely miss the orc priest. The orc priest misses you.
The orc priest hits you but does no damage.
You closely miss the orc priest.
The orc priest is moderately wounded.
You hit the orc priest but do no damage.
The orc priest hits you with a flail!
* * * LOW HITPOINT WARNING * * *
The orc priest misses you.
Unknown command.
You hit the orc priest. You claw the orc priest.
The orc priest is almost dead.
You closely miss the orc priest.
The orc priest mumbles some strange prayers to Beogh against you.
Pain shoots through your body!
You die...

## #.# # #....#.# .# #.#
#.###.##.# .############.#
#........# .##...........#
#####.####
.##.#################.########
.##.# ................ .##.#
############.######## .##.#
......o)...#...).# .##.#
......o@..##.###.# ....#
########..######.# #####
................#
#################


You could see 2 orc priests.

Vanquished Creatures
  3 adders (D:2)
  An ooze (D:1)
  A worm (D:2)
  A dart slug (D:1)
  2 leopard geckos
  3 orcs (D:2)
  6 bats (D:1)
  6 goblins
  7 hobgoblins
  6 jackals (D:1)
  2 kobolds (D:1)
  3 frilled lizards
  7 rats
48 creatures vanquished.

Notes
Turn   | Place    | Note
-------+----------+-------------------------------------------
     0 | D:1      | galech the Demonspawn Monk began the quest for the Orb.
     0 | D:1      | Reached XP level 1. HP: 18/18 MP: 1/1
   142 | D:1      | Gained mutation: You are partially covered in sharp spines.
                  | [demonic ancestry]
   142 | D:1      | Reached XP level 2. HP: 17/24 MP: 2/2
   354 | D:1      | Gained mutation: You regenerate a little health from kills.
                  | [demonic ancestry]
   354 | D:1      | Reached XP level 3. HP: 29/29 MP: 3/3
  1243 | D:2      | Gained mutation: You have sharp toenails. [demonic
                  | ancestry]
  1243 | D:2      | Reached XP level 4. HP: 35/35 MP: 4/4
  1630 | D:2      | Killed from afar by an orc priest

Vault maps used:
D:1:      minmay_arrival_split_and_join

Skill      XL: |  1  2 |
---------------+-------+-----
Axes           | 3 |  3.6
Dodging        | 3 |  3.2
Stealth        | 2 |  2.3
Fighting       | |  3.4
Armour         | |  0.3

Action                   |  1- 3 |  4- 6 || total
-------------------------+-------+-------++-------
Melee: Hand axe          |    87 |    27 ||   114
       Kick              |       |     7 ||     7
 Stab: Sleeping          |     3 |     1 ||     4
  Eat: Chunk             |     1 |     1 ||     2
Armor: Robe              |    12 |       ||    12
       Leather armour    |    14 |     3 ||    17
Dodge: Dodged            |    65 |    14 ||    79

Table legend:
 A = Non-vault XP
 B = Vault XP
 C = Vault XP percentage of total XP
 D = Non-vault monster count
 E = Vault monster count
 F = Vault count percentage of total count
                 A         B        C        D         E       F
            +---------+---------+-------+---------+---------+-------
      Total |     130 |       0 |   0.0 |      48 |       0 |   0.0
            +---------+---------+-------+---------+---------+-------
        D:1 |      60 |       0 |   0.0 |      30 |       0 |   0.0
        D:2 |      70 |       0 |   0.0 |      18 |       0 |   0.0
            +---------+---------+-------+---------+---------+-------
